 Dungeon Crawl Stone Soup version 0.29-a0-22-gbf593b16ee (webtiles) character file.

Game seed: 11078127785676404876

17 croobank the Firebug (level 2, -3/17 HPs)
             Began as an Octopode Fire Elementalist on Jan 29, 2022.
             Killed from afar by Natasha (8 damage)
             ... with a magic dart
             ... on level 2 of the Dungeon.
             The game lasted 00:02:30 (692 turns).

croobank the Firebug (Octopode Fire Elementalist)    Turns: 692, Time: 00:02:31

Health: -3/17      AC:  1    Str:  7    XL:     2   Next: 62%
Magic:  3/5        EV: 13    Int: 17    God:
Gold:   82         SH:  5    Dex: 12    Spells: 2/5 levels left

rFire   . . .      SeeInvis .   d - +0 whip
rCold   . . .      Faith    .   (no shield)
rNeg    . . .      Spirit   .   (helmet restricted)
rPois   .          Reflect  +   a - amulet of reflection
rElec   .          Harm     .   (no ring)
rCorr   .          Rampage  .   (no ring)
Will    .....                   (no ring)
Stlth   +++.......              (no ring)
HPRegen 0.05/turn               (no ring)
MPRegen 0.09/turn               (no ring)
                                (no ring)
                                (no ring)

@: brilliant
A: almost no armour, amphibious, 8 rings, camouflage 1, gelatinous body 1,
(nimble swimmer 1), tentacles
a: no special abilities


You were on level 2 of the Dungeon.
You visited 1 branch of the dungeon, and saw 2 of its levels.

You collected 82 gold pieces.

Inventory:

Hand Weapons
 d - a +0 whip (weapon)
 h - a +0 short sword
Missiles
 g - 16 stones
Jewellery
 a - an amulet of reflection (around mantle)
Scrolls
 b - 2 scrolls of identify {unknown}
 c - a scroll of blinking {unknown}


   Skills:
 + Level 2.2 Dodging
 + Level 3.1 Stealth
 + Level 2.2 Spellcasting
 + Level 1.3 Conjurations
 + Level 3.1 Fire Magic


You had 2 spell levels left.
You knew the following spells:

 Your Spells              Type           Power      Damage    Failure   Level
a - Foxfire               Conj/Fire      56%        2x1d6     8%          1
b - Scorch                Fire           38%        2d7       8%          2

Your spell library contained the following spells:

 Spells                   Type           Power      Damage    Failure   Level
 Conjure Flame            Conj/Fire      14%        6-21      22%         3
 Inner Flame              Hex/Fire       10%        N/A       30%         3
 Flame Wave               Conj/Fire      14%        2d6       58%         4


Dungeon Overview and Level Annotations

Branches:
Dungeon (2/15)

Altars:

Annotations:
D:2 Natasha


Innate Abilities, Weirdness & Mutations

You cannot wear most types of armour.
You are amphibious.
You can wear up to eight rings at the same time.
Your skin changes colour to match your surroundings (Stealth+).
Your rubbery body absorbs attacks. (AC +1, EV +1)
((You are camouflaged when in or above water. (Stealth+)))
You have tentacles for arms and can constrict up to eight enemies at once.


Message History

Casting: Foxfire (safe; 8% risk of failure)
Confirm with . or Enter, or press ? or * to list all spells.
You conjure some foxfire!
The foxfire hits the quokka.
The quokka is moderately wounded.
A quokka is nearby!
Casting: Foxfire (safe; 8% risk of failure)
Confirm with . or Enter, or press ? or * to list all spells.
You conjure some foxfire!
The foxfire hits the quokka.
The quokka is almost dead.
The foxfire hits the quokka.
You kill the quokka!
You now have 82 gold pieces (gained 13).
A goblin comes into view. It is wielding a +0 club.
Casting: Foxfire (safe; 8% risk of failure)
Confirm with . or Enter, or press ? or * to list all spells.
You conjure some foxfire!
The goblin shouts!
You hear an angry hiss.
The goblin unwields a +0 club.
The goblin wields a +0 hunting sling.
The goblin shoots a stone.
The stone hits you.
The goblin shoots a stone.
The stone hits you!
* * * LOW HITPOINT WARNING * * *
The foxfire hits the goblin.
The goblin is almost dead.
Natasha, Servant of Life and Death comes into view.
The goblin shoots a stone.
You reflect the stone off an invisible shield around you!
The stone closely misses the goblin.
You hear an angry hiss.
Your foxfire dissipates!
It was a potion of cancellation.
You feel magically purged.
It was a potion of brilliance.
You feel clever all of a sudden.
Casting: Foxfire (safe; 8% risk of failure)
Confirm with . or Enter, or press ? or * to list all spells.
You feel a surge of power!
You conjure some foxfire!
Natasha stares at you and mumbles some strange words.
The magic dart hits you!
You die...

#.........##...#
.###....#......#
###......###.... .
##...#......# ##.
#.###..##........#
..................
#.................
#.....h...v...##..
........#@v...# ..
........#.....#
........#.....#
......§.#######
.....§..#
........#
..hg....#


You could see Natasha (ally target).

Vanquished Creatures
  4 ball pythons (D:1)
  3 endoplasms
  A giant cockroach (D:1)
  A goblin (D:1)
  3 kobolds
  A quokka (D:2)
  A bat (D:2)
14 creatures vanquished.

Vanquished Creatures (others)
  22 foxfires
22 creatures vanquished.

Grand Total: 36 creatures vanquished

Notes
Turn   | Place    | Note
-------+----------+-------------------------------------------
     0 | D:1      | croobank the Octopode Fire Elementalist began the quest for
                  | the Orb.
     0 | D:1      | Reached XP level 1. HP: 11/11 MP: 3/3
   269 | D:1      | Reached XP level 2. HP: 17/17 MP: 3/5
   272 | D:1      | Learned a level 2 spell: Scorch
   686 | D:2      | Noticed Natasha
   692 | D:2      | Killed from afar by Natasha

Illustrated notes

Levels and vault maps discovered:
D:1:      minmay_arrival_five_plusses, layout_basic
D:2:      layout_rooms, shapermc_ecumenical_altar_starsandcircs, uniq_natasha,
          uniq_terence

Skill      XL: |  1  2 |
---------------+-------+-----
Stealth        | 3 |  3.1
Dodging        | |  2.2
Spellcasting   | |  2.2
Conjurations   | |  1.3
Fire Magic     | |  3.1

Action                   || total
-------------------------++-------
Melee: Whip              ||     7
       Unarmed           ||     3
       Constrict         ||     3
       Tentacles         ||     2
       Punch             ||     1
 Cast: Foxfire           ||    17
       Scorch            ||     2
  Use: Potion            ||     2
 Stab: Sleeping          ||     1
Armor: Skin              ||     1
Dodge: Dodged            ||     5
Block: Other             ||     4
       Reflection        ||     2

Table legend: (Time is in decaauts)
 A = Elapsed time spent in this place.
 B = Non-inter-level travel time spent in this place.
 C = Inter-level travel time spent in this place.
 D = Time resting spent in this place.
 E = Time spent auto-exploring this place.
 F = Levels seen in this place.
 G = Mean time per level.
                   A        B        C        D        E       F      G
               +--------+--------+--------+--------+--------+-----+--------+
         Total |    691 |    673 |     18 |      0 |    519 |   2 |  345.5 |
       Dungeon |    691 |    673 |     18 |      0 |    519 |   2 |  345.5 |
               +--------+--------+--------+--------+--------+-----+--------+

Top non-repeatable levels by time:
     D:1: 590 daAuts
     D:2: 101 daAuts
